 Dungeon Crawl Stone Soup version 0.22.0-27-ga576289 (webtiles) character file.

37 Gildeon the Ruffian (level 3, -1/29 HPs)
             Began as a Draconian Transmuter on Aug 21, 2018.
             Slain by a goblin (3 damage)
             ... on level 2 of the Dungeon.
             The game lasted 00:03:43 (914 turns).

Gildeon the Ruffian (Draconian Transmuter)           Turns: 914, Time: 00:03:44

Health: -1/29      AC:  6    Str: 12 (13) XL:     3   Next: 21%
Magic:  5/6        EV: 12    Int: 12 (13) God:
Gold:   49         SH:  0    Dex:  9 (11) Spells: 3/6 levels left

rFire    . . .     SeeInvis .     - Unarmed
rCold    . . .     Gourm    .   (no shield)
rNeg     . . .     Faith    .   (armour unavailable)
rPois    .         Spirit   .   (helmet restricted)
rElec    .         Reflect  .   (no cloak)
rCorr    .         Harm     .   (no gloves)
MR       .....                  f - +0 pair of boots
Stlth    +.........             (no amulet)
HPRegen  0.09/turn              (no ring)
MPRegen  0.10/turn              (no ring)

@: no status effects
A: unfitting armour, cold-blooded, AC +5
a: no special abilities


You were on level 2 of the Dungeon.
You were not hungry.

You visited 1 branch of the dungeon, and saw 2 of its levels.

You collected 49 gold pieces.

Inventory:

Missiles
 a - 32 arrows
Armour
 f - a +0 pair of boots (worn)
Scrolls
 e - a scroll of enchant weapon {unknown}
 g - a scroll of identify {unknown}
Comestibles
 c - 2 rations


   Skills:
 + Level 1.8 Fighting
 + Level 2.1 Dodging
 + Level 3.3 Unarmed Combat
 + Level 2.3 Spellcasting
 + Level 2.3 Transmutations


You had 3 spell levels left.
You knew the following spells:

 Your Spells              Type           Power        Failure   Level  Hunger
a - Beastly Appendage     Tmut           #.....       10%         1    ##.....
b - Sticks to Snakes      Tmut           #.......     16%         2    ###....

Your spell library contained the following spells:

 Spells                   Type           Power        Failure   Level  Hunger
 Spider Form              Tmut/Pois      #.........   43%         3    ####...
 Ice Form                 Ice/Tmut       #.......     85%         4    #####..
 Blade Hands              Tmut           #.........   95%         5    ######.


Dungeon Overview and Level Annotations

Branches:
Dungeon (1/15)

Altars:


Innate Abilities, Weirdness & Mutations

Your plain brown scales are hard. (AC +5)
You cannot fit into any form of body armour.
You are cold-blooded and may be slowed by cold attacks.


Message History

You closely miss the goblin. The goblin hits you but does no damage.
You miss the goblin. You tail-slap the goblin.
The goblin is heavily wounded.
The goblin hits you but does no damage.
You closely miss the goblin.
The goblin is heavily wounded.
The goblin hits you but does no damage.
It was a potion of cancellation.
Your magical effects are unravelling.
You feel magically purged.
Your horns disappear.
The goblin barely misses you.
It was a potion of degeneration.
There was something very wrong with that liquid.
You feel weakened.
You feel dopey.
You feel clumsy. The goblin barely misses you.
You miss the goblin.
Your tail-slap misses the goblin.
The goblin is heavily wounded.
The goblin hits you.
You die...

..#
#...#.#.#######.#
.##
#.....#.####....#
##
#...###.......###
. ......
#..####.....# ..
#.##### #..#
.###.# .. .. #..#
.. ##.# #>.###
#.#####g....
#...@ggg...#
############


You could see 3 gnolls and a goblin.

Vanquished Creatures
  A gnoll (D:2)
  A worm (D:2)
  A leopard gecko (D:1)
  A giant cockroach (D:1)
  2 goblins (D:1)
  2 hobgoblins
  3 jackals (D:2)
  A ball python skeleton (D:2)
  4 bats (D:1)
  3 kobolds
  3 rats
22 creatures vanquished.

Notes
Turn   | Place    | Note
-------+----------+-------------------------------------------
     0 | D:1      | Gildeon the Draconian Transmuter began the quest for the Orb.
     0 | D:1      | Reached XP level 1. HP: 16/16 MP: 3/3
   225 | D:1      | Reached XP level 2. HP: 17/23 MP: 5/5
   313 | D:1      | Learned a level 2 spell: Sticks to Snakes
   492 | D:1      | You fall through a shaft!
   905 | D:2      | HP: 1/24 [gnoll/whip (6)]
   908 | D:2      | Reached XP level 3. HP: 2/29 MP: 4/6
   914 | D:2      | Slain by a goblin

Skill      XL: |  1  2 |
---------------+-------+-----
Dodging        | 2 |  2.1
Fighting       | |  1.8
Unarmed Combat | |  3.3
Spellcasting   | |  2.3
Transmutations | |  2.3

Action                   || total
-------------------------++-------
Melee: Unarmed           ||   111
       Headbutt          ||     8
       Tailslap          ||    11
 Cast: Beastly Appendage ||    15
  Use: Potion            ||     2
  Eat: Chunk             ||     1
Armor: Skin              ||    40
Dodge: Dodged            ||    78
